 Dungeon Crawl Stone Soup version 0.24-a0-201-gf205589 (console) character file.

Game seed: 12874284791671537454

80 bli the Skirmisher (level 4, 0/35 HPs)
             Began as a Formicid Abyssal Knight on Mar 20, 2019.
             Was a Believer of Lugonu.
             Succumbed to an adder's poison
             ... on level 2 of the Dungeon.
             The game lasted 00:05:17 (2087 turns).

bli the Skirmisher (Formicid Abyssal Knight)        Turns: 2087, Time: 00:05:18

Health: 0/35       AC:  4    Str: 16    XL:     4   Next: 65%
Magic:  4/5        EV: 12    Int: 12    God:    Lugonu [**....]
Gold:   88         SH:  0    Dex: 11    Spells: 3/3 levels left

rFire    . . .     SeeInvis +   a - +1 falchion
rCold    . . .     Gourm    .   (no shield)
rNeg     . . .     Faith    .   b - +0 leather armour
rPois    .         Spirit   .   (helmet unavailable)
rElec    +         Reflect  .   (no cloak)
rCorr    .         Harm     .   (no gloves)
MR       .....                  d - +0 pair of boots of Zerchubau {rElec} (curse)
Stlth    +.........             f - amulet of inaccuracy (curse)
HPRegen  0.11/turn              (no ring)
MPRegen  0.09/turn              (no ring)

@: lethally poisoned (0 -> -8)
A: permanent stasis, dig shafts and tunnels, four strong arms, antennae 3, [low
mp 1]
a: Dig, Shaft Self, Depart the Abyss, Bend Space, Renounce Religion


You were on level 2 of the Dungeon.
You worshipped Lugonu.
Lugonu was pleased with you.
You were very hungry.

You visited 1 branch of the dungeon, and saw 2 of its levels.
You visited the Abyss 1 time.

You collected 88 gold pieces.

Inventory:

Hand Weapons
 a - a +1 falchion (weapon)
 j - a +0 vampiric dagger
Missiles
 i - 24 stones (quivered)
 k - 8 curare-tipped needles
Armour
 b - a +0 leather armour (worn)
 d - the cursed +0 pair of boots of Zerchubau (worn) {rElec}
   (You found it on level 2 of the Abyss)

   It insulates you from electricity.
   It has a curse placed upon it.
Jewellery
 f - a cursed amulet of inaccuracy (around neck)
 l - an uncursed amulet of rage {unknown}
Scrolls
 g - a scroll of identify {unknown}
 h - 2 scrolls of blinking {unknown}
Potions
 e - a potion of flight {unknown}
Comestibles
 c - 4 rations


   Skills:
 - Level 3.2 Fighting
 + Level 3.1 Long Blades
 - Level 2.1 Armour
 * Level 3.0 Dodging
 + Level 2.1 Invocations


You had 3 spell levels left.
You didn't know any spells.
Your spell library was empty.

Dungeon Overview and Level Annotations

Branches:
Dungeon (2/15)

Altars:


Innate Abilities, Weirdness & Mutations

You cannot be hasted, slowed, berserked, paralysed or teleported.
You can dig through walls and to a lower floor.
Your four strong arms can wield two-handed weapons with a shield.
You have a pair of large antennae on your head. (SInv)
[Your magical capacity is low. (-10% MP)]


Message History

You are more poisoned.
The adder poisons you!
You closely miss the adder.
The adder is heavily wounded.
* * * LOW HITPOINT WARNING * * *
You feel sick. The adder bites you.
* * * LOW HITPOINT WARNING * * *
You closely miss the adder.
The adder is heavily wounded.
The adder barely misses you.
You riposte.
You miss the adder.
The adder is heavily wounded.
The adder completely misses you.
You riposte.
You hit the adder.
The adder is heavily wounded.
You hit the adder.
You kill the adder!
Lugonu accepts your kill.
You feel the corruption within you wane somewhat.
You feel a little healthier.
You feel healthier.
You feel more energetic.
Your Dodging skill increases to level 3!
You die...

#++####....#.#
#[....#.###
##.....####.###.#....
###..........# #.###
...≈≈# ........### #..#
$...≈≈##........<# ##.#
....[≈≈#########.# #.#
......≈≈# #.# #.#
#......≈########## #.#
##.....≈#........####.##
######..'........#......
######.@'........##.###.
##.....≈#.....<...#.##..
#......≈#.........#.###.
......≈≈#.........#.# #.
.....≈≈##.........#.# #.
....≈≈# #########...# ..
...≈≈# ##### .. ..≈≈# ##


There were no monsters in sight!

Vanquished Creatures
  2 adders (D:2)
  A gnoll (D:1)
  4 dart slugs
  2 leopard geckos
  2 ball pythons
  3 giant cockroaches
  2 hobgoblins (D:1)
  6 jackals
  A bat (D:1)
  4 frilled lizards
  4 goblins
  5 kobolds
  9 rats
45 creatures vanquished.

Notes
Turn   | Place    | Note
-------+----------+-------------------------------------------
     0 | Abyss:1  | bli the Formicid Abyssal Knight began the quest for the
                  | Orb.
     0 | Abyss:1  | Reached XP level 1. HP: 18/18 MP: 2/2
    26 | Abyss:2  | Got a pair of brightly glowing boots
    32 | Abyss:2  | Identified the cursed +0 pair of boots of Zerchubau {rElec}
                  | (You found it on level 2 of the Abyss)
    36 | Abyss:2  | Noticed a wretched star
    41 | Abyss:2  | Noticed a starcursed mass
    59 | Abyss:2  | Noticed an iron imp
    60 | D:1      | Escaped the Abyss
    88 | D:1      | Reached skill level 1 in Dodging
   355 | D:2      | Reached XP level 2. HP: 18/24 MP: 2/2
   437 | D:2      | Reached * piety under Lugonu
   601 | D:2      | Reached XP level 3. HP: 29/29 MP: 3/3
  1100 | D:1      | HP: 1/29 [gnoll/cursed +0 flail (10)]
  1101 | D:1      | Reached XP level 4. HP: 1/35 MP: 4/4
  1140 | D:1      | Reached ** piety under Lugonu
  2085 | D:2      | HP: 1/35 [adder (1)]
  2087 | D:2      | Succumbed to an adder's poison

Levels and vault maps discovered:
D:1:      lightli_iron_boxes, layout_basic
D:2:      layout_basic, first_ration, kennysheep_cross_room,
          grunt_decor_fettered
Abyss:1
Abyss:2

Skill      XL: |  1  2  3  4 |
---------------+-------------+-----
Dodging        | 1 2 3 |  3.0
Long Blades    | 3 |  3.1
Fighting       | |  3.2
Armour         | |  2.1
Invocations    | |  2.1

Action                   |  1- 3 |  4- 6 || total
-------------------------+-------+-------++-------
Melee: Falchion          |   134 |    38 ||   172
Invok: Depart the Abyss  |     1 |       ||     1
  Use: Scroll            |       |     1 ||     1
  Eat: Chunk             |     1 |     2 ||     3
Armor: Leather armour    |    49 |    11 ||    60
Dodge: Dodged            |    95 |    17 ||   112
       Rpst.: Falchion   |    25 |     6 ||    31

Table legend:
 A = Non-vault XP
 B = Vault XP
 C = Vault XP percentage of total XP
 D = Non-vault monster count
 E = Vault monster count
 F = Vault count percentage of total count
                 A         B        C        D         E       F
            +---------+---------+-------+---------+---------+-------
      Total |     115 |       0 |   0.0 |      45 |       0 |   0.0
            +---------+---------+-------+---------+---------+-------
        D:1 |      60 |       0 |   0.0 |      29 |       0 |   0.0
        D:2 |      55 |       0 |   0.0 |      16 |       0 |   0.0
            +---------+---------+-------+---------+---------+-------
